 Dungeon Crawl Stone Soup version 0.30-a0-358-g0d69a1922f (webtiles) character file.

Game seed: 7405960616124784902

633 Hubris850 the Chopper (level 7, -1/61 HPs)
             Began as a Hill Orc Fighter on Nov 9, 2022.
             Constricted to death by Grinder (3 damage)
             ... on level 4 of the Dungeon.
             The game lasted 00:04:48 (2350 turns).

Hubris850 the Chopper (Hill Orc Fighter)            Turns: 2350, Time: 00:04:49

Health: -1/61      AC:  9    Str: 21    XL:     7   Next: 49%
Magic:  7/7        EV:  6    Int:  8    God:
Gold:   103        SH:  5    Dex: 10    Spells: 6/6 levels left

rFire   . . .      SeeInvis .    a - +0 war axe
rCold   . . .      Faith    .    c - +0 buckler
rNeg    + . .      Spirit   .    b - +0 scale mail
rPois   .          Reflect  .    (no helmet)
rElec   .          Harm     .    (no cloak)
rCorr   .          Rampage  .    i - +1 pair of gloves
Will    .....                    (no boots)
Stlth   ..........               (no amulet)
HPRegen 0.30/turn                r - ring of positive energy
MPRegen 0.10/turn                (no ring)

@: grasped by roots, constricted
A: no striking features
a: no special abilities


You were on level 4 of the Dungeon.
You visited 1 branch of the dungeon, and saw 4 of its levels.

You collected 103 gold pieces.

Inventory:

Hand Weapons
 a - a +0 war axe (weapon)
Armour
 b - a +0 scale mail (worn)
 c - a +0 buckler (worn)
 i - a +1 pair of gloves (worn)
 l - an orb of mayhem
 o - an orb of guile
Jewellery
 r - a ring of positive energy (left hand)
Scrolls
 g - a scroll of butterflies {unknown}
 h - a scroll of poison {unknown}
 j - a scroll of summoning {unknown}
 k - a scroll of blinking {unknown}
 n - 2 scrolls of enchant weapon {unknown}
 q - 2 scrolls of teleportation {unknown}
 w - 2 scrolls of noise {unknown}
Potions
 e - a potion of cancellation {unknown}
 f - a potion of ambrosia {unknown}
 m - a potion of heal wounds {unknown}
 p - a potion of attraction {unknown}
 s - 2 potions of lignification {unknown}
 t - 3 potions of mutation {unknown}
 u - a potion of curing {unknown}
 v - a potion of magic {unknown}


   Skills:
 - Level 5.5 Fighting
 + Level 7.1 Axes
 - Level 5.0 Armour
 - Level 5.0 Shields


You had 6 spell levels left.
You didn't know any spells.
Your spell library contained the following spells:

 Spells                   Type           Power      Damage    Failure   Level
 Kiss of Death            Conj/Necr      0%         2d5       82%         1
 Sting                    Tmut/Pois      0%         1d3       82%         1
 Blink                    Tloc           0%         N/A       91%         2
 Momentum Strike          Conj/Tloc      0%         3d8       91%         2
 Confusing Touch          Hex            0%         N/A       99%         3
 Lesser Beckoning         Tloc           0%         N/A       99%         3
 Dispel Undead            Necr           0%         3d6       100%        4


Dungeon Overview and Level Annotations

Branches:
Dungeon (4/15)
 Temple: D:4-7

Altars:

Annotations:
D:4 Grinder


Message History

You block Grinder's attack. The grasping roots constrict you.
The grasping roots release their grip on you.
You hit Grinder.
Grinder is severely wounded.
Grinder barely misses you. Grinder gestures at you.
Pain shoots through your body!
* * * LOW HITPOINT WARNING * * *
You closely miss Grinder.
Grinder is severely wounded.
Grinder hits you.
* * * LOW HITPOINT WARNING * * *
You closely miss Grinder.
Grinder is severely wounded.
Grinder gestures at you. Pain shoots through your body!
* * * LOW HITPOINT WARNING * * *
You closely miss Grinder.
Grinder is severely wounded.
Grinder zaps a wand.
The roots erupt in riotous growth!
The grasping roots grab you!
Grinder is unaffected.
The grasping roots constrict you.
* * * LOW HITPOINT WARNING * * *
You barely miss Grinder.
Grinder is severely wounded.
Grinder hits you but does no damage. The grasping roots constrict you.
* * * LOW HITPOINT WARNING * * *
Unknown command.
You closely miss Grinder.
Grinder is severely wounded.
Grinder hits you.
* * * LOW HITPOINT WARNING * * *
The grasping roots constrict you.
* * * LOW HITPOINT WARNING * * *
Grinder hits you.
* * * LOW HITPOINT WARNING * * *
You writhe in agony.
* * * LOW HITPOINT WARNING * * *
The grasping roots constrict you.
You die...

#.. ..#
####..#
##.....
###.....#
#..<....#
#......# .#
#.....### #.#
##..@...###
#..#
##.5.....#
#..#
##..........
#..#
##..##.......
##..##..##
####...
##.#..#.##
...
##.......# ##
##.......##
#.)....#.#


You could see Grinder.

Vanquished Creatures
  Sigmund (D:3)
  An ogre (D:4)
  A phantom (D:2)
  2 scorpions
  A hound (D:4)
  An iguana (D:4)
  Terence (D:3)
  5 adders
  A gnoll (D:1)
  A worm (D:3)
  A dart slug (D:1)
  An orc (D:4)
  2 endoplasms
  2 giant cockroaches (D:1)
  9 goblins
  5 hobgoblins
  3 jackals (D:1)
  3 kobolds (D:1)
  A quokka (D:1)
  7 ball pythons
  8 bats
  4 frilled lizards
  9 rats
70 creatures vanquished.

Vanquished Creatures (others)
  2 fungi (D:3)
  4 plants (D:3)
6 creatures vanquished.

Grand Total: 76 creatures vanquished

Notes
Turn   | Place    | Note
-------+----------+-------------------------------------------
     0 | D:1      | Hubris850 the Hill Orc Fighter began the quest for the Orb.
     0 | D:1      | Reached XP level 1. HP: 19/19 MP: 1/1
    73 | D:1      | Reached skill level 3 in Axes
    83 | D:1      | Reached XP level 2. HP: 27/27 MP: 2/2
   102 | D:1      | Reached XP level 3. HP: 33/33 MP: 3/3
   915 | D:2      | Reached XP level 4. HP: 39/40 MP: 4/4
  1176 | D:2      | Noticed a phantom
  1190 | D:2      | Killed a phantom
  1191 | D:2      | Reached skill level 4 in Axes
  1191 | D:2      | Reached XP level 5. HP: 35/47 MP: 5/5
  1486 | D:3      | Found a faded altar of an unknown god.
  1490 | D:3      | Got Plato's Precepts of Moulding
  1526 | D:3      | Noticed Terence
  1539 | D:3      | Killed Terence
  1739 | D:3      | Noticed Sigmund
  1749 | D:3      | Killed Sigmund
  1750 | D:3      | Reached skill level 5 in Fighting
  1750 | D:3      | Reached skill level 5 in Axes
  1750 | D:3      | Reached XP level 6. HP: 32/56 MP: 6/6
  1972 | D:3      | Reached skill level 5 in Armour
  1972 | D:3      | Reached skill level 5 in Shields
  1972 | D:3      | Reached XP level 7. HP: 58/61 MP: 7/7
  2166 | D:4      | Reached skill level 6 in Axes
  2195 | D:4      | Reached skill level 7 in Axes
  2323 | D:4      | Noticed Grinder
  2327 | D:4      | Paralysed by Grinder for 3 turns
  2350 | D:4      | HP: 2/61 [Grinder (2)]
  2350 | D:4      | Constricted to death by Grinder

Illustrated notes

Levels and vault maps discovered:
D:1:      grunt_arrival_crossed_arrows, layout_basic, st_stairs_11,
          minmay_misc_feat_nine_boxes, minmay_distorted
D:2:      layout_basic, glass_columns_a
D:3:      layout_loops_ring, shapermc_ecumenical_altar_rom_forum,
          kennysheep_generic_room_16, uniq_sigmund, uniq_terence
D:4:      layout_cave_pods, minmay_temple_entry_poolview, uniq_ijyb,
          uniq_grinder, uniq_natasha

Skill      XL: |  1  2  3  4  5  6  7 |
---------------+----------------------+-----
Axes           | 3 4 5 7 |  7.1
Fighting       | 4 5 |  5.5
Armour         | 4 5 |  5.0
Shields        | 4 5 |  5.0

Action                   |  1- 3 |  4- 6 |  7- 9 || total
-------------------------+-------+-------+-------++-------
Melee: War axe           |    95 |    79 |    35 ||   209
  Use: Potion            |       |       |     1 ||     1
Armor: Scale mail        |    64 |    36 |    11 ||   111
Dodge: Dodged            |    62 |    27 |    15 ||   104
Block: Buckler           |    22 |    13 |     7 ||    42

Table legend: (Time is in decaauts)
 A = Elapsed time spent in this place.
 B = Non-inter-level travel time spent in this place.
 C = Inter-level travel time spent in this place.
 D = Time resting spent in this place.
 E = Time spent auto-exploring this place.
 F = Levels seen in this place.
 G = Mean time per level.
                   A        B        C        D        E       F      G
               +--------+--------+--------+--------+--------+-----+--------+
         Total |   2415 |   2351 |     64 |     80 |   1758 |   4 |  603.8 |
       Dungeon |   2415 |   2351 |     64 |     80 |   1758 |   4 |  603.8 |
               +--------+--------+--------+--------+--------+-----+--------+

Top non-repeatable levels by time:
     D:1: 910 daAuts
     D:3: 712 daAuts
     D:2: 593 daAuts
     D:4: 199 daAuts
